 Dungeon Crawl Stone Soup version 0.31-a0-210-gccc998df9b (webtiles) character file.

Game seed: 14286976778473715832

5933 Klosterheim the Nimble (level 10, -1/71 HPs)
             Began as a Gnoll Gladiator on June 30, 2023.
             Was a Believer of Hepliaklqana.
             Slain by a yak (6 damage)
             ... on level 10 of the Dungeon.
             The game lasted 00:21:21 (7443 turns).

Klosterheim the Nimble (Gnoll Gladiator)            Turns: 7443, Time: 00:21:22

Health: -1/71      AC: 13    Str: 16    XL:     10   Next: 83%
Magic:  18/18      EV: 10    Int:  9    God:    Hepliaklqana [**....]
Gold:   506        SH:  0    Dex: 14    Spells: 20/20 levels left

rFire   + . .        w - +6 trident "Goblinbane" {venom, rF+}
rCold   . . .        (no shield)
rNeg    . . .        g - +0 chain mail
rPois   .            c - +2 helmet
rElec   .            (no cloak)
rCorr   .            h - +2 pair of gloves
SInv    +            m - +0 pair of boots
Will    .....        f - amulet of regeneration Stlth
                     n - ring of see invisible
HPRegen 1.11/turn    (no ring)
MPRegen 0.16/turn

%: no passive effects
@: mighty, about to teleport, corroded
A: reduced essence, fangs 1, strong nose, distributed training
a: Renounce Religion, Recall Ancestor, Ancestor Identity


You were on level 10 of the Dungeon.
You worshipped Hepliaklqana.
Hepliaklqana was pleased with you.
You visited 2 branches of the dungeon, and saw 11 of its levels.

You collected 542 gold pieces.
You spent 36 gold pieces at shops.

Inventory:

Hand Weapons
 w - the +6 trident "Goblinbane" (weapon) {venom, rF+}
   (You found it on level 5 of the Dungeon)

   rF:        It protects you from fire.
Missiles
 d - 2 throwing nets
 v - 3 boomerangs
Armour
 b - a +0 leather armour
 c - a +2 helmet (worn)
 g - a +0 chain mail (worn)
 h - a +2 pair of gloves (worn)
 m - a +0 pair of boots (worn)
 o - a +0 ring mail
Magical Staves
 t - a staff of earth
Jewellery
 f - an amulet of regeneration (around neck)
 j - a ring of resist corrosion
 n - a ring of see invisible (left hand)
 D - an amulet of guardian spirit
Wands
 l - a wand of light (15)
 C - a wand of flame (8)
 E - a wand of polymorph (10)
Scrolls
 q - 3 scrolls of identify
 s - 2 scrolls of teleportation
 F - a scroll of enchant weapon
 G - 2 scrolls of torment
Potions
 i - 5 potions of mutation
 k - 3 potions of curing
 p - 2 potions of lignification
 r - a potion of resistance
 u - 2 potions of enlightenment
 z - a potion of attraction
 B - a potion of magic {unknown}


   Skills:
 + Level 7.5 Fighting
 + Level 5.8 Short Blades
 + Level 5.8 Long Blades
 + Level 8.9 Axes
 + Level 5.8 Maces & Flails
 + Level 5.8 Polearms
 + Level 5.8 Staves
 + Level 5.8 Ranged Weapons
 + Level 7.5 Throwing
 + Level 5.8 Armour
 + Level 8.9 Dodging
 + Level 5.8 Stealth
 + Level 5.8 Shields
 + Level 5.8 Unarmed Combat
 + Level 5.8 Spellcasting
 + Level 4.8 Conjurations
 + Level 4.8 Hexes
 + Level 4.8 Summonings
 + Level 4.8 Necromancy
 + Level 4.8 Translocations
 + Level 4.8 Transmutations
 + Level 4.8 Fire Magic
 + Level 4.8 Ice Magic
 + Level 4.8 Air Magic
 + Level 4.8 Earth Magic
 + Level 4.8 Poison Magic
 + Level 6.4 Invocations
 + Level 5.8 Evocations


You had 20 spell levels left.
You didn't know any spells.
Your spell library was empty.

Dungeon Overview and Level Annotations

Branches:
Dungeon (10/15)            Temple (1/1) D:6            Lair (0/5) D:10
    Orc: D:9-12

Altars:
Ashenzari
Cheibriados
Dithmenos
Elyvilon
Fedhas
Gozag
Hepliaklqana
Kikubaaqudgha
Makhleb
Okawaru
Qazlal
Ru
Sif Muna
Trog
Uskayaw
Vehumet
Wu Jian
Xom
Yredelemnul
Zin
The Shining One

Shops:
D:4 *

Annotations:
Temple 2 transporters


Innate Abilities, Weirdness & Mutations

Your life essence is reduced to manifest your ancestor. (-10% HP)
You have very sharp teeth.
Your uncanny sense of smell can sniff out nearby items.
Your experience applies equally to all skills.


Message History

You puncture the acid dragon!
The acid dragon is heavily wounded.
The acid dragon spits acid at you. The splash of acid hits you!!
* * * LOW HITPOINT WARNING * * *
The acid corrodes you!
The yak snorts and paws the ground.
You barely miss the acid dragon.
You bite the acid dragon, but do no damage.
The acid dragon is heavily wounded.
The acid dragon closely misses you.
The acid dragon claws you but does no damage.
You feel very mighty all of a sudden.
The acid dragon bites you but does no damage.
The acid dragon claws you but does no damage.
You barely miss the acid dragon.
The acid dragon is heavily wounded.
The acid dragon spits acid at you. The splash of acid hits you!
* * * LOW HITPOINT WARNING * * *
You hit the acid dragon. You bite the acid dragon.
You kill the acid dragon!
You puncture the yak!
The yak is moderately wounded.
The yak barely misses you.
You puncture the yak!
The yak is poisoned.
The yak is heavily wounded.
The yak closely misses you.
You puncture the yak!
The yak looks as sick as possible!
The yak is almost dead.
The yak barely misses you.
You puncture the yak!
You kill the yak!
You puncture the yak!
The yak looks as sick as possible!
The yak is heavily wounded.
The yak gores you!
* * * LOW HITPOINT WARNING * * *
As you read the scroll of teleportation, it crumbles to dust.
You feel strangely unstable. The yak gores you.
You die...

.# #.. #. .# ##.####### #.#
.## #........# #.#
..####........# ######.###
....##........# #........#
..#...........### #........#
..####..........#
#........#### ..#
#........#.#####..<.....†..Y
..#
#....(...#.@YY.#.......Y####
..#
#........#####..........#
..# #........# ###..(.....#
..# #........# #.....Y..#
### ####.##### #.....Y..#
#..## ######.### ##.†##


#YYY# ##..# ###'#### #######'### #......# You could see 2 yaks.

Vanquished Creatures
  3 death yaks (D:10)
  A wyvern (D:9)
  3 yaks (D:10)
  2 wraiths
  Edmund (D:4)
  Duvessa (D:5)
  2 acid dragons (D:10)
  2 orc warriors
  A black bear (D:4)
  2 ogres
  A centaur (D:9)
  Blork the orc (D:5)
  2 kobold brigands (D:9)
  A gnoll sergeant (D:4)
  3 bullfrogs
  3 scorpions
  4 wights
  Dowan (D:5)
  5 killer bees (D:4)
  2 howler monkeys
  A bullfrog zombie (D:7)
  2 gnoll boudas
  7 orc priests
  2 hounds
  Jessica (D:2)
  2 iguanas
  8 orc wizards
  Natasha (thrice) (D:2)
  A killer bee zombie (D:7)
  Robin (D:2)
  3 adders
  16 gnolls
  A white imp (D:4)
  An ufetubus (D:4)
  5 dart slugs
  A worm (D:4)
  28 orcs
  10 ball pythons
  9 endoplasms
  4 giant cockroaches
  18 goblins
  11 hobgoblins
  3 jackals (D:3)
  14 kobolds
  2 quokkas
  3 bats
  4 frilled lizards
  5 rats
207 creatures vanquished.

Vanquished Creatures (collateral kills)
  A wraith (D:10)
1 creature vanquished.

Vanquished Creatures (others)
  2 battlemagi (D:10)
2 creatures vanquished.

Grand Total: 210 creatures vanquished

Notes
Turn   | Place    | Note
-------+----------+-------------------------------------------
     0 | D:1      | Klosterheim the Gnoll Gladiator began the quest for the
                  | Orb.
     0 | D:1      | Reached XP level 1. HP: 20/20 MP: 1/1
   158 | D:1      | Reached XP level 2. HP: 23/26 MP: 2/2
   758 | D:1      | Reached XP level 3. HP: 31/31 MP: 3/3
   895 | D:2      | Noticed Natasha
   903 | D:2      | Killed Natasha
   904 | D:2      | Reached skill level 1 in Short Blades
   904 | D:2      | Reached skill level 1 in Long Blades
   904 | D:2      | Reached skill level 1 in Maces & Flails
   904 | D:2      | Reached skill level 1 in Polearms
   904 | D:2      | Reached skill level 1 in Staves
   904 | D:2      | Reached skill level 1 in Ranged Weapons
   904 | D:2      | Reached skill level 1 in Armour
   904 | D:2      | Reached skill level 1 in Stealth
   904 | D:2      | Reached skill level 1 in Shields
   904 | D:2      | Reached skill level 1 in Unarmed Combat
   904 | D:2      | Reached skill level 1 in Spellcasting
   904 | D:2      | Reached skill level 1 in Invocations
   904 | D:2      | Reached skill level 1 in Evocations
   904 | D:2      | Reached XP level 4. HP: 30/38 MP: 5/5
   968 | D:2      | Noticed Natasha
   984 | D:2      | Killed Natasha
   985 | D:2      | Reached skill level 1 in Conjurations
   985 | D:2      | Reached skill level 1 in Hexes
   985 | D:2      | Reached skill level 1 in Summonings
   985 | D:2      | Reached skill level 1 in Necromancy
   985 | D:2      | Reached skill level 1 in Translocations
   985 | D:2      | Reached skill level 1 in Transmutations
   985 | D:2      | Reached skill level 1 in Fire Magic
   985 | D:2      | Reached skill level 1 in Ice Magic
   985 | D:2      | Reached skill level 1 in Air Magic
   985 | D:2      | Reached skill level 1 in Earth Magic
   985 | D:2      | Reached skill level 1 in Poison Magic
  1034 | D:2      | Noticed Natasha
  1042 | D:2      | Killed Natasha
  1043 | D:2      | Reached XP level 5. HP: 43/43 MP: 5/7
  1122 | D:2      | Noticed Robin
  1129 | D:2      | Noticed Jessica
  1145 | D:2      | Killed Robin
  1148 | D:2      | Killed Jessica
  1612 | D:3      | Reached XP level 6. HP: 43/50 MP: 8/8
  1796 | D:3      | Reached skill level 5 in Fighting
  1796 | D:3      | Reached skill level 5 in Throwing
  2309 | D:4      | Noticed a black bear
  2317 | D:4      | Killed a black bear
  2398 | D:4      | Reached XP level 7. HP: 39/56 MP: 10/10
  2932 | D:4      | Reached XP level 8. HP: 63/63 MP: 12/12
  3161 | D:4      | Found Igim's General Store.
  3168 | D:4      | Bought a scroll of teleportation for 36 gold pieces
  3181 | D:4      | Noticed Edmund
  3203 | D:4      | Killed Edmund
  3592 | D:5      | Entered Level 5 of the Dungeon
  3592 | D:5      | Noticed Blork the orc
  3600 | D:5      | Killed Blork the orc
  3697 | D:5      | Noticed a wraith
  3714 | D:4      | Killed a wraith
  3885 | D:5      | Identified the +6 trident "Goblinbane" {venom, rF+}
  3987 | D:5      | Noticed Duvessa
  3992 | D:5      | Noticed Dowan
  3994 | D:5      | Killed Duvessa
  3995 | D:5      | Reached XP level 9. HP: 69/69 MP: 13/15
  3995 | D:5      | Killed Dowan
  4478 | D:6      | Found a staircase to the Ecumenical Temple.
  4605 | Temple   | Entered the Ecumenical Temple
  4605 | Temple   | Found a transporter.
  4605 | Temple   | Found a transporter.
  4607 | Temple   | Found a transporter.
  4607 | Temple   | Found a transporter.
  4653 | Temple   | Became a worshipper of Hepliaklqana the Forgotten
  5217 | D:7      | Found a stormy altar of Qazlal.
  5265 | D:7      | Reached skill level 5 in Invocations
  5769 | D:7      | Reached * piety under Hepliaklqana
  5895 | D:7      | Found a basalt altar of Yredelemnul.
  5928 | D:8      | You fall into a shaft and drop 1 floor!
  6092 | D:9      | Found a hide-covered altar of Uskayaw.
  6092 | D:9      | Found a snail-covered altar of Cheibriados.
  6093 | D:9      | Found a sacrificial altar of Ru.
  6264 | D:9      | Found an iron altar of Okawaru.
  6762 | D:9      | Reached skill level 5 in Short Blades
  6762 | D:9      | Reached skill level 5 in Long Blades
  6762 | D:9      | Reached skill level 5 in Maces & Flails
  6762 | D:9      | Reached skill level 5 in Polearms
  6762 | D:9      | Reached skill level 5 in Staves
  6762 | D:9      | Reached skill level 5 in Ranged Weapons
  6762 | D:9      | Reached skill level 5 in Armour
  6762 | D:9      | Reached skill level 5 in Stealth
  6762 | D:9      | Reached skill level 5 in Shields
  6762 | D:9      | Reached skill level 5 in Unarmed Combat
  6762 | D:9      | Reached skill level 5 in Spellcasting
  6762 | D:9      | Reached skill level 5 in Evocations
  6762 | D:9      | Reached XP level 10. HP: 60/69 MP: 17/17
  7066 | D:10     | Entered Level 10 of the Dungeon
  7068 | D:10     | Reached ** piety under Hepliaklqana
  7071 | D:10     | Remembered your ancestor Hips as a battlemage
  7235 | D:10     | Found a staircase to the Lair.
  7235 | D:10     | Noticed a death yak
  7236 | D:10     | Noticed a death yak
  7236 | D:10     | Noticed a death yak
  7248 | D:10     | Killed a death yak
  7406 | D:10     | Killed a death yak
  7413 | D:10     | Killed a death yak
  7443 | D:10     | Slain by a yak

Illustrated notes

Levels and vault maps discovered:
D:1:      dpeg_arrival_houses_and_road, layout_basic
D:2:      layout_rooms, solitary_fountain, uniq_robin, uniq_jessica,
          uniq_natasha
D:3:      layout_loops_corners
D:4:      layout_basic, serial_shops, shop, eino_tiny_chamber,
          grunt_ministairs_10, uniq_edmund
D:5:      layout_cave_pools, serial_glass, glass_columns_a, glass_columns_a,
          glass_columns_a, glass_columns_b, glass_columns_a, glass_columns_a,
          glass_columns_a, glass_columns_a, glass_columns_a, glass_columns_b,
          glass_columns_a, glass_columns_a, glass_columns_a, glass_columns_b,
          uniq_duvessa, uniq_blork_the_orc
D:6:      layout_gridville, lemuel_temple_firewalk_a
D:7:      layout_loops_ring, lemuel_zombie_altar_yredelemnul,
          mainiacjoe_overflow_paths
D:8:      layout_loops_ring, hellmonk_ghost_big_iron
D:9:      layout_layer_cave, mainiacjoe_overflow_surrounded_room,
          gammafunk_temple_overflow_claw, minmay_misc_feat_room
D:10:     layout_roguey, lemuel_round_altar, dpeg_lair_monsters
Temple:   hellmonk_temple_divided_pantheon

Skill      XL: |  1  2  3  4  5  6  7  8  9 10 |
---------------+-------------------------------+-----
Short Blades   | 1 2 3 4 5 |  5.8
Long Blades    | 1 2 3 4 5 |  5.8
Maces & Flails | 1 2 3 4 5 |  5.8
Polearms       | 1 2 3 4 5 |  5.8
Staves         | 1 2 3 4 5 |  5.8
Ranged Weapons | 1 2 3 4 5 |  5.8
Armour         | 1 2 3 4 5 |  5.8
Stealth        | 1 2 3 4 5 |  5.8
Shields        | 1 2 3 4 5 |  5.8
Unarmed Combat | 1 2 3 4 5 |  5.8
Spellcasting   | 1 2 3 4 5 |  5.8
Invocations    | 1 2 3 4 5 6 |  6.4
Evocations     | 1 2 3 4 5 |  5.8
Conjurations   | 1 2 3 4 |  4.8
Hexes          | 1 2 3 4 |  4.8
Summonings     | 1 2 3 4 |  4.8
Necromancy     | 1 2 3 4 |  4.8
Translocations | 1 2 3 4 |  4.8
Transmutations | 1 2 3 4 |  4.8
Fire Magic     | 1 2 3 4 |  4.8
Ice Magic      | 1 2 3 4 |  4.8
Air Magic      | 1 2 3 4 |  4.8
Earth Magic    | 1 2 3 4 |  4.8
Poison Magic   | 1 2 3 4 |  4.8
Fighting       | 5 6 7 |  7.5
Throwing       | 5 6 7 |  7.5
Axes           | 7 8 |  8.9
Dodging        | 7 8 |  8.9

Action                     |  1- 3 |  4- 6 |  7- 9 | 10-12 || total
---------------------------+-------+-------+-------+-------++-------
  Melee: War axe           |    64 |   152 |   214 |       ||   430
         Punch             |     1 |     1 |    12 |     3 ||    17
         Bite              |       |    13 |    42 |    10 ||    65
         Trident           |       |       |   203 |    60 ||   263
  Throw: Boomerang         |       |     7 |    10 |       ||    17
         Throwing net      |       |     2 |       |       ||     2
         Javelin           |       |     1 |     1 |     1 ||     3
 Invoke: Recall Ancestor   |       |       |     1 |     1 ||     2
         Ancestor Identity |       |       |     1 |       ||     1
         Ancestor Life: Ba |       |       |       |     1 ||     1
  Evoke: Wand              |       |       |     7 |     2 ||     9
    Use: Scroll            |       |     9 |    12 |     2 ||    23
         Potion            |       |       |     5 |     1 ||     6
   Stab: Sleeping          |     1 |       |       |       ||     1
 Armour: Leather armour    |    21 |    12 |       |       ||    33
         Ring mail         |       |    46 |    63 |       ||   109
         Chain mail        |       |       |   154 |    11 ||   165
  Dodge: Dodged            |    55 |   107 |   293 |    19 ||   474

Table legend: (Time is in decaauts)
 A = Elapsed time spent in this place.
 B = Non-inter-level travel time spent in this place.
 C = Inter-level travel time spent in this place.
 D = Time resting spent in this place.
 E = Time spent auto-exploring this place.
 F = Levels seen in this place.
 G = Mean time per level.
                   A        B        C        D        E       F      G
               +--------+--------+--------+--------+--------+-----+--------+
         Total |   7553 |   7138 |    415 |    487 |   4905 |  11 |  686.6 |
       Dungeon |   7489 |   7075 |    414 |    487 |   4905 |  10 |  748.9 |
        Temple |     63 |     63 |      0 |      0 |      0 |   1 |   63.0 |
               +--------+--------+--------+--------+--------+-----+--------+

Top non-repeatable levels by time:
     D:4: 1469 daAuts
     D:9: 1176 daAuts
     D:1: 932 daAuts
     D:3: 925 daAuts
     D:6: 854 daAuts
     D:7: 800 daAuts
     D:5: 495 daAuts
     D:2: 490 daAuts
    D:10: 344 daAuts
  Temple: 63 daAuts
